[Event "December 12 Late 2023"]
[Site "https://www.chess.com"]
[Date "2023.12.12"]
[Round "3"]
[White "Lazavik, Denis"]
[Black "Postny, Evgeny"]
[Result "1-0"]
[Board "8"]
[TimeControl "180+1"]
[WhiteFideId "13515110"]
[BlackFideId "2804344"]
[WhiteElo "3054"]
[BlackElo "2767"]
[WhiteTeam "BLR"]
[BlackTeam "ISR"]
[WhiteClock "0:00:20"]
[BlackClock "0:00:00"]

1. d4 d5 2. c4 c6 3. Nf3 Nf6 4. Nc3 a6 5. c5 g6 6. Bf4 Nh5 7. Bd2 Bg7 8. g3 O-O 9. Bg2 Nd7 10. O-O e5 11. Nxe5 Nxe5 12. dxe5 Bxe5 13. Na4 Bf5 14. Qb3 Qe7 15. e3 Nf6 16. Bc3 Bxc3 17. Qxc3 Be4 18. f3 Bf5 19. Qd4 Rae8 20. Rfe1 Qe5 21. Nc3 Re7 22. Kf2 Rfe8 23. b4 h5 24. h3 Kg7 25. Rad1 g5 26. g4 Bg6 27. a3 hxg4 28. hxg4 Bc2 29. Rc1 Bg6 30. Re2 Rh8 31. Qxe5 Rxe5 32. Rh1 Rxh1 33. Bxh1 Bd3 34. Rd2 Bc4 35. Bg2 Nh7 36. Na4 Nf8 37. Nb6 Bb3 38. Rb2 Bc4 39. Nxc4 dxc4 40. Bf1 Rd5 41. Bxc4 Rd1 42. Ke2 Rc1 43. Ba2 Rc3 44. Bb3 Rc1 45. Rd2 1-0

[Event "December 12 Late 2023"]
[Site "https://www.chess.com"]
[Date "2023.12.12"]
[Round "3"]
[White "Wieczorek, Oskar"]
[Black "Pranav, V"]
[Result "1/2-1/2"]
[Board "9"]
[TimeControl "180+1"]
[WhiteFideId "1133950"]
[BlackFideId "25060783"]
[WhiteElo "2767"]
[BlackElo "3054"]
[WhiteTeam "POL"]
[BlackTeam "IND"]
[WhiteClock "0:00:05"]
[BlackClock "0:00:03"]

1. e4 e5 2. Nf3 Nc6 3. Nc3 Nf6 4. h3 Bb4 5. Nd5 Be7 6. d3 O-O 7. c4 d6 8. Be2 Nxd5 9. cxd5 Nb8 10. d4 f5 11. dxe5 fxe4 12. Nd4 dxe5 13. Ne6 Bxe6 14. dxe6 Nc6 15. O-O Nd4 16. a4 Qd5 17. Be3 Nxe2+ 18. Qxe2 Qxe6 19. Qb5 b6 20. Rfd1 Rfd8 21. Qa6 Rd3 22. Rxd3 exd3 23. Qxd3 a5 24. Qe4 Rd8 25. Rc1 Rd7 26. Rc6 Bd6 27. h4 h6 28. g3 Rf7 29. Kg2 Qd7 30. Rc1 Qf5 31. Qxf5 Rxf5 32. Rc6 Rf6 33. g4 Kf7 34. g5 hxg5 35. hxg5 Re6 36. Kf3 e4+ 37. Kg4 g6 38. Rc1 Be5 39. Rh1 Ke7 40. b3 Kd6 41. Rh7 Kc6 42. Rf7 Bd6 43. Rf6 Kd5 44. Rf7 Be5 45. Bf4 c6 46. Rb7 c5 47. Bxe5 Kxe5 48. Rf7 Kd5 49. Rf6 Rxf6 50. gxf6 Ke6 51. Kg5 Kf7 52. Kf4 Kxf6 53. Kxe4 g5 54. Kf3 Kf5 55. Kg3 Ke5 56. Kg4 Kf6 57. Kg3 Kf5 58. f3 Ke5 59. Kg4 Kf6 60. Kh3 Kf5 61. Kg3 Ke5 62. Kg4 Kf6 63. Kh3 Kg6 64. Kg4 Kh6 65. Kg3 Kg6 66. Kg4 Kf6 1/2-1/2

[Event "December 12 Late 2023"]
[Site "https://www.chess.com"]
[Date "2023.12.12"]
[Round "3"]
[White "Atakhan, Abtin"]
[Black "Sarana, Alexey"]
[Result "0-1"]
[Board "10"]
[TimeControl "180+1"]
[WhiteFideId "22502203"]
[BlackFideId "24133795"]
[WhiteElo "2761"]
[BlackElo "3042"]
[WhiteTeam "IRI"]
[BlackTeam "SRB"]
[WhiteClock "0:00:10"]
[BlackClock "0:00:35"]

1. c4 e6 2. Nc3 d5 3. d4 Nf6 4. cxd5 exd5 5. Bg5 Be7 6. e3 h6 7. Bh4 c6 8. Bd3 O-O 9. Qc2 Nbd7 10. Nge2 Ne8 11. Bxe7 Qxe7 12. O-O Nd6 13. Rae1 Re8 14. Nc1 Nf8 15. Nb3 Qg5 16. Qd2 Bf5 17. Nc5 Ng6 18. f3 Bxd3 19. Qxd3 Rad8 20. Re2 b6 21. Nb3 Nc4 22. Rfe1 Re7 23. Nd2 Nxe3 24. Nde4 dxe4 25. Nxe4 Rxe4 26. fxe4 Ng4 27. Qd2 Nf4 0-1

[Event "December 12 Late 2023"]
[Site "https://www.chess.com"]
[Date "2023.12.12"]
[Round "3"]
[White "Bluebaum, Matthias"]
[Black "Rastbod, Ali"]
[Result "1-0"]
[Board "11"]
[TimeControl "180+1"]
[WhiteFideId "24651516"]
[BlackFideId "12567477"]
[WhiteElo "3034"]
[BlackElo "2751"]
[WhiteTeam "GER"]
[BlackTeam "IRI"]
[WhiteClock "0:00:48"]
[BlackClock "0:00:00"]

1. d4 Nf6 2. c4 b6 3. Nc3 Bb7 4. Qc2 d5 5. cxd5 Nxd5 6. Nf3 Nxc3 7. bxc3 e6 8. e4 Nd7 9. Be3 Be7 10. Bd3 O-O 11. O-O c5 12. Rad1 cxd4 13. cxd4 h6 14. Qe2 Nf6 15. Nd2 Qd7 16. Bb5 Bc6 17. Bxc6 Qxc6 18. Rc1 Qb7 19. f3 Rac8 20. Nb3 Rxc1 21. Rxc1 Rc8 22. Qd1 Rxc1 23. Qxc1 Ne8 24. Bf4 Bd6 25. Bxd6 Nxd6 26. h4 a5 27. Nd2 Qc8 28. Qxc8+ Nxc8 29. a4 Nd6 30. Kf2 Kf8 31. g4 Ke8 32. Ke3 Kd7 33. Kd3 f6 34. Nc4 Nc8 35. h5 Kc6 36. Kc3 Ne7 37. Na3 g6 38. Kc4 gxh5 39. gxh5 f5 40. Nb5 fxe4 41. fxe4 Kd7 42. Nc3 Kc6 43. d5+ exd5+ 44. exd5+ Kc7 45. Kb5 Nf5 46. Ne4 Nd4+ 47. Ka6 Nf5 48. d6+ Kc6 49. d7 Kxd7 50. Kxb6 Ng7 51. Ng3 Kc8 52. Kxa5 Kb7 53. Kb5 Ka7 54. a5 Kb7 55. a6+ Ka7 56. Ka5 Ne6 57. Nf5 Nf4 58. Nd6 Nxh5 59. Nb5+ Ka8 60. Kb6 Nf6 61. Nc7+ Kb8 62. a7+ Kc8 63. a8=Q+ Kd7 64. Nd5 Ne4 65. Qc6+ 1-0

[Event "December 12 Late 2023"]
[Site "https://www.chess.com"]
[Date "2023.12.12"]
[Round "3"]
[White "Yoo, Christopher Woojin"]
[Black "Zou, Chen"]
[Result "1/2-1/2"]
[Board "12"]
[TimeControl "180+1"]
[WhiteFideId "30909694"]
[BlackFideId "8610959"]
[WhiteElo "3010"]
[BlackElo "2749"]
[WhiteTeam "USA"]
[BlackTeam "CHN"]
[WhiteClock "0:00:02"]
[BlackClock "0:00:11"]

1. Nf3 c6 2. d4 Nf6 3. Bf4 g6 4. Nbd2 d5 5. e3 Bg7 6. c4 O-O 7. Qb3 b6 8. Rc1 Bb7 9. Be2 e6 10. O-O Nbd7 11. c5 Qc8 12. cxb6 axb6 13. Ne5 Nxe5 14. Bxe5 Nd7 15. Bxg7 Kxg7 16. a4 Ba6 17. Bb5 Bxb5 18. axb5 c5 19. dxc5 bxc5 20. e4 Qb7 21. exd5 exd5 22. Rfe1 Rfe8 23. Nf3 Kg8 24. h4 c4 25. Qb4 Qb6 26. Rcd1 Rxe1+ 27. Rxe1 Qc5 28. Qxc5 Nxc5 29. Re5 Nd3 30. Rxd5 Nxb2 31. Rc5 Rb8 32. Nd4 Kf8 33. h5 gxh5 34. Rxh5 c3 35. Rc5 Na4 36. Rc4 Ra8 37. g4 Ke7 38. Nf5+ Ke6 39. Ne3 Kd6 40. Kg2 Kd7 41. Kg3 Ra5 42. Rb4 Nb6 43. Rb3 Ke6 44. f3 Kd6 45. Nf5+ Ke5 46. Rxc3 Rxb5 47. Rc7 Kf6 48. Rc6+ Ke5 49. f4+ Kd5 50. Rd6+ Kc5 51. Rf6 Nd5 52. Rxf7 Rb3+ 53. Kh4 Nxf4 54. Kg5 Ne6+ 55. Kf6 Nf4 56. Rxh7 Rb6+ 57. Kg5 Ne6+ 58. Kh4 Rb1 59. Re7 Kd5 60. Kg3 Rb3+ 61. Kf2 Rb1 62. Ne3+ Kd6 63. Rf7 Rb2+ 64. Kg3 Rb1 65. Nf5+ Ke5 66. Ra7 Rb3+ 67. Kf2 Rb1 68. Ne3 Rb2+ 69. Kg3 Rb1 70. Ra5+ Kd6 71. Nf5+ Kd7 72. Rd5+ Ke8 73. Re5 Kf7 74. Nd6+ Kf6 75. Rf5+ Ke7 76. Nc4 Rb3+ 77. Kf2 Rb1 78. Ne3 Rb2+ 79. Kg3 Rb1 80. Rf3 Ra1 81. Nf5+ Kd7 82. Rd3+ Ke8 83. Rf3 Rb1 84. Nd6+ Ke7 85. Nf5+ Kd7 86. Kh4 Rh1+ 87. Rh3 Rb1 88. Rd3+ Ke8 89. Re3 Kd7 90. Kg3 Rg1+ 91. Kf3 Rf1+ 92. Kg2 Ra1 93. Rf3 Ra2+ 94. Kg3 Ra1 95. Rf2 Rg1+ 96. Kh3 Ra1 97. Kg2 Rb1 98. Rd2+ Ke8 99. Nd6+ Ke7 100. Nc4 Ra1 101. Rf2 Rc1 102. Ne3 Ra1 103. Rf3 Ra2+ 104. Kg3 Ra1 105. Nf5+ Ke8 106. Nd6+ 1/2-1/2

[Event "December 12 Late 2023"]
[Site "https://www.chess.com"]
[Date "2023.12.12"]
[Round "3"]
[White "Adewumi, Tanitoluwa"]
[Black "Drygalov, Andrey"]
[Result "0-1"]
[Board "13"]
[TimeControl "180+1"]
[WhiteFideId "30966396"]
[BlackFideId "24171735"]
[WhiteElo "2748"]
[BlackElo "3006"]
[WhiteTeam "USA"]
[BlackTeam "RUS"]
[WhiteClock "0:00:06"]
[BlackClock "0:00:10"]

1. e4 c5 2. Nf3 d6 3. Bb5+ Nd7 4. c3 Nf6 5. Bd3 g6 6. Bc2 Bg7 7. d4 O-O 8. O-O e5 9. dxe5 dxe5 10. c4 Nh5 11. Nc3 Nf4 12. Nd5 Nxd5 13. cxd5 Nb6 14. Be3 Qd6 15. Rc1 Nc4 16. Bxc5 Qxc5 17. Bd3 b5 18. b3 Ba6 19. bxc4 bxc4 20. Bxc4 Bxc4 21. Nd2 Qa5 22. Nxc4 Qxa2 23. Qd3 Qa6 24. Ra1 Qb7 25. Rfb1 Qd7 26. h3 Rfc8 27. Na5 Bf8 28. Rb7 Rc7 29. Rxc7 Qxc7 30. Nc6 a5 31. Qb5 f5 32. Rxa5 Rxa5 33. Qxa5 Qb7 34. exf5 Qb1+ 35. Kh2 Qxf5 36. Qd2 Bd6 37. g3 e4 38. Qd4 h5 39. Qa7 h4 40. Ne7+ Bxe7 41. Qxe7 Qxf2+ 42. Kh1 Qe1+ 43. Kg2 Qxg3+ 44. Kf1 Qxh3+ 45. Kg1 Qg4+ 46. Kh2 Qg3+ 47. Kh1 Qe1+ 48. Kg2 Qd2+ 49. Kh3 Qxd5 50. Kxh4 Qh5+ 51. Kg3 Qf3+ 52. Kh4 Qf4+ 53. Kh3 e3 54. Qe8+ Kg7 55. Qe7+ Kh6 56. Qe8 Qf3+ 57. Kh2 Kg5 58. Qe5+ Kg4 59. Qe6+ Kh5 60. Qe5+ Kh6 61. Qh8+ Kg5 62. Qe5+ Qf5 63. Qxe3+ Qf4+ 64. Qg3+ Kf5 65. Kh3 Qxg3+ 66. Kxg3 Kg5 67. Kg2 Kg4 68. Kg1 Kg3 69. Kf1 g5 70. Kg1 g4 71. Kh1 Kf2 72. Kh2 g3+ 73. Kh3 g2 74. Kh2 g1=Q+ 75. Kh3 Qg5 76. Kh2 Qg2# 0-1

[Event "December 12 Late 2023"]
[Site "https://www.chess.com"]
[Date "2023.12.12"]
[Round "3"]
[White "Drygalov, Sergey"]
[Black "Bolourchifard, Farzad"]
[Result "1-0"]
[Board "14"]
[TimeControl "180+1"]
[WhiteFideId "24171743"]
[BlackFideId "12510084"]
[WhiteElo "3004"]
[BlackElo "2734"]
[WhiteTeam "RUS"]
[BlackTeam "IRI"]
[WhiteClock "0:01:56"]
[BlackClock "0:00:29"]

1. d4 Nf6 2. c4 e6 3. Nf3 d5 4. Nc3 Be7 5. Bf4 O-O 6. e3 Nbd7 7. a3 c6 8. h3 a6 9. c5 b6 10. b4 a5 11. b5 Bb7 12. cxb6 c5 13. Bc7 Qc8 14. dxc5 Nxc5 15. Nd4 Ne8 16. Bg3 e5 17. Nc6 Bxc6 18. bxc6 d4 19. Nd5 Qe6 20. Bc4 Nd6 21. Ba2 Rac8 22. c7 Nde4 23. O-O Nc3 24. Nxc3 1-0

[Event "December 12 Late 2023"]
[Site "https://www.chess.com"]
[Date "2023.12.12"]
[Round "3"]
[White "Cardoso Cardoso, Jose Gabriel"]
[Black "Hakobyan, Aram"]
[Result "0-1"]
[Board "15"]
[TimeControl "180+1"]
[WhiteFideId "4430492"]
[BlackFideId "13306677"]
[WhiteElo "2726"]
[BlackElo "3001"]
[WhiteTeam "COL"]
[BlackTeam "ARM"]
[WhiteClock "0:00:00"]
[BlackClock "0:00:03"]

1. d4 d5 2. Nc3 Nf6 3. Bf4 c5 4. e3 cxd4 5. exd4 a6 6. Nf3 Bg4 7. h3 Bxf3 8. Qxf3 Nc6 9. O-O-O e6 10. g4 Be7 11. g5 Nd7 12. h4 Rc8 13. Kb1 Nb6 14. Rg1 Na5 15. h5 Nbc4 16. Bxc4 Nxc4 17. Bc1 O-O 18. Qh3 Qb6 19. Ka1 Bb4 20. Nb1 g6 21. c3 Bd6 22. hxg6 fxg6 23. Qxe6+ Kg7 24. Rh1 Rce8 25. Qh3 h5 26. gxh6+ Kh7 27. Rhe1 Qd8 28. Qg4 Rxf2 29. b3 Nb6 30. Re6 Rxe6 31. Qxe6 Rf6 32. Qe2 Qe7 33. Qg2 Qf7 34. Rg1 Rf2 35. Qg4 Nd7 36. Nd2 Nf6 37. Qh4 Rf5 38. Nf3 Rxf3 39. Qg5 Ne4 40. Qg4 Rxc3 41. Bb2 Rf3 42. a4 Rf1+ 43. Rxf1 Qxf1+ 44. Ka2 Qf5 45. Qd1 Kxh6 46. Qc1+ Bf4 47. Qh1+ Kg7 48. Qd1 Nd2 49. Bc3 Qd3 50. Bb2 g5 0-1

[Event "December 12 Late 2023"]
[Site "https://www.chess.com"]
[Date "2023.12.12"]
[Round "3"]
[White "Pakleza, Zbigniew"]
[Black "Salem, A.R. Saleh"]
[Result "0-1"]
[Board "16"]
[TimeControl "180+1"]
[WhiteFideId "1119290"]
[BlackFideId "9301348"]
[WhiteElo "2722"]
[BlackElo "2992"]
[WhiteTeam "POL"]
[BlackTeam "UAE"]
[WhiteClock "0:00:00"]
[BlackClock "0:00:01"]

1. d4 Nf6 2. Nf3 g6 3. Bf4 Bg7 4. e3 O-O 5. Be2 d6 6. h3 c5 7. c3 Qb6 8. Qb3 Be6 9. Qxb6 axb6 10. a3 Bd5 11. Nbd2 Bc6 12. O-O Nbd7 13. Rfe1 b5 14. Bd3 Rfd8 15. Bg3 e5 16. Bc2 Re8 17. Rad1 b6 18. dxe5 dxe5 19. e4 Nh5 20. Bh2 Nf4 21. Nf1 c4 22. Rd6 Rac8 23. Ne3 Nc5 24. Bxf4 exf4 25. Nd5 Bxd5 26. Rxd5 h6 27. Kf1 Re7 28. Red1 Nxe4 29. Bxe4 Rxe4 30. Rxb5 Rc6 31. a4 Bf6 32. Rbd5 Kg7 33. Rd6 Rc5 34. Rxb6 Ra5 35. Nd2 Re7 36. Nxc4 Rxa4 37. Rc6 Ra2 38. Re1 Rd7 39. Rb1 Bh4 40. Ke2 h5 41. Kf3 g5 42. g3 fxg3 43. fxg3 Rd3+ 44. Ke4 Rxg3 45. Rc7 Rxh3 46. Ne5 Ra4+ 47. b4 Rh2 48. Rxf7+ Kh6 49. Rd1 Ra6 50. b5 Re2+ 0-1

[Event "December 12 Late 2023"]
[Site "https://www.chess.com"]
[Date "2023.12.12"]
[Round "3"]
[White "Bortnyk, Olexandr"]
[Black "Timmermans, Mark"]
[Result "0-1"]
[Board "17"]
[TimeControl "180+1"]
[WhiteFideId "14120828"]
[BlackFideId "1026399"]
[WhiteElo "2991"]
[BlackElo "2711"]
[WhiteTeam "UKR"]
[BlackTeam "NED"]
[WhiteClock "0:00:00"]
[BlackClock "0:00:11"]

1. e4 e5 2. Nf3 Nc6 3. Bb5 f5 4. d3 fxe4 5. dxe4 Nf6 6. Qd3 d6 7. a4 Be7 8. Nc3 O-O 9. Bxc6 bxc6 10. Qc4+ Kh8 11. Qxc6 Rb8 12. h3 Rb4 13. Qa8 Bb7 14. Qxd8 Rxd8 15. Ng5 Kg8 16. O-O h6 17. Ne6 Rd7 18. f4 Nxe4 19. Nb5 a6 20. Nbxc7 Rc4 21. c3 Ng3 22. Re1 exf4 23. Na8 Bxa8 24. Bxf4 Nf5 25. Bh2 Nh4 26. Re2 Bf6 27. Rd1 Rxa4 28. Nc5 dxc5 29. Rxd7 Ra1+ 30. Kf2 Bxg2 31. Re8+ Kh7 32. Be5 Rf1+ 33. Ke2 Bxh3 34. Ra7 Rf5 35. Bxf6 Rxf6 36. Ree7 Nf5 37. Rec7 Ng3+ 38. Ke3 Re6+ 39. Kf3 Nh5 40. Rxc5 Kg6 41. b4 Bf1 42. c4 Be2+ 43. Kf2 Bd3 44. b5 axb5 45. cxb5 Re2+ 46. Kf3 Rb2 47. Rc6+ Nf6 48. b6 Be4+ 49. Kf4 Bxc6 0-1

[Event "December 12 Late 2023"]
[Site "https://www.chess.com"]
[Date "2023.12.12"]
[Round "3"]
[White "Cieslak, Patryk"]
[Black "Smirnov, Anton"]
[Result "0-1"]
[Board "18"]
[TimeControl "180+1"]
[WhiteFideId "21078882"]
[BlackFideId "3208923"]
[WhiteElo "2708"]
[BlackElo "2976"]
[WhiteTeam "POL"]
[BlackTeam "AUS"]
[WhiteClock "0:00:00"]
[BlackClock "0:00:17"]

1. e4 c5 2. Nf3 d6 3. d4 cxd4 4. Nxd4 Nf6 5. Nc3 a6 6. a3 Nc6 7. Nb3 g6 8. f3 Bg7 9. Be3 Bd7 10. Qd2 h5 11. Be2 Rc8 12. g3 Ne5 13. f4 Nc4 14. Bxc4 Rxc4 15. Bd4 O-O 16. O-O b5 17. f5 e5 18. fxe6 fxe6 19. Bxf6 Bxf6 20. Qh6 Be8 21. e5 Bg7 22. Rxf8+ Bxf8 23. Qe3 dxe5 24. Rd1 Qc7 25. Rf1 Be7 26. Qf3 Qb6+ 27. Rf2 Qc6 28. Qxc6 Rxc6 29. Rf3 Kg7 30. Re3 Bf6 31. Kf1 Rc4 32. Ke1 h4 33. Kd1 hxg3 34. hxg3 Rc8 35. Ne4 Be7 36. Rd3 Bc6 37. Nbd2 Rh8 38. Ke2 Rh2+ 39. Ke3 Bd5 40. Rc3 Bd8 41. Rc8 Bb6+ 42. Kd3 Rh8 43. Rxh8 Kxh8 44. c4 bxc4+ 45. Nxc4 Bc7 46. b4 Bc6 47. Nb2 Bb5+ 48. Ke3 Bb6+ 49. Kf3 Bd4 50. a4 Bc6 51. b5 axb5 52. axb5 Bxb5 53. Nd1 Bc6 54. g4 g5 55. Ne3 Kg7 56. Ng2 Bd5 57. Ne1 Kf7 58. Nd3 Ke7 59. Nf2 Bxf2 60. Kxf2 Bxe4 61. Ke3 Bd5 62. Kf2 Kd6 63. Ke3 e4 64. Kd4 e5+ 65. Ke3 Kc5 66. Kd2 Kd4 67. Ke2 e3 68. Ke1 Ke4 69. Ke2 Kf4 70. Ke1 Kxg4 71. Kd1 Kf4 72. Kc1 g4 73. Kb2 g3 0-1

[Event "December 12 Late 2023"]
[Site "https://www.chess.com"]
[Date "2023.12.12"]
[Round "3"]
[White "Zhigalko, Sergei"]
[Black "Dyachuk, Artem"]
[Result "0-1"]
[Board "19"]
[TimeControl "180+1"]
[WhiteFideId "13502956"]
[BlackFideId "34107924"]
[WhiteElo "2974"]
[BlackElo "2703"]
[WhiteTeam "BLR"]
[BlackTeam "UKR"]
[WhiteClock "0:00:00"]
[BlackClock "0:01:02"]

1. e4 e5 2. Nf3 Nc6 3. Bb5 a6 4. Ba4 Nf6 5. O-O Bc5 6. d3 h6 7. Bxc6 dxc6 8. Nxe5 O-O 9. Be3 Bd6 10. Nf3 Re8 11. Nbd2 Bg4 12. h3 Bh5 13. Re1 Qd7 14. a3 Nh7 15. Qb1 Nf8 16. Qa2 Ne6 17. e5 Be7 18. Qc4 Rad8 19. Qe4 g5 20. Nf1 Bg6 21. Qc4 b5 22. Qc3 c5 23. Ng3 Qd5 24. Rad1 Bf8 25. b3 Bg7 26. Bc1 Rd7 27. Ne4 Bxe4 28. Rxe4 Qxe4 29. dxe4 Rxd1+ 30. Kh2 Rxc1 31. Qd2 Rb1 32. g3 Rd8 33. Qa5 Rb2 34. Ne1 Rd1 35. Kg2 Bxe5 36. Nd3 Rxd3 37. cxd3 Bd4 38. Qxa6 Rxf2+ 39. Kh1 Rf1+ 40. Kg2 Rf2+ 41. Kh1 g4 42. hxg4 Ng5 0-1

[Event "December 12 Late 2023"]
[Site "https://www.chess.com"]
[Date "2023.12.12"]
[Round "3"]
[White "Martinez Ramirez, Lennis"]
[Black "Khismatullin, Denis"]
[Result "1-0"]
[Board "20"]
[TimeControl "180+1"]
[WhiteFideId "3509079"]
[BlackFideId "4142578"]
[WhiteElo "2703"]
[BlackElo "2964"]
[WhiteTeam "CUB"]
[BlackTeam "RUS"]
[WhiteClock "0:00:09"]
[BlackClock "0:00:00"]

1. Nf3 Nf6 2. g3 b5 3. Bg2 Bb7 4. O-O c5 5. a4 b4 6. c3 e6 7. cxb4 cxb4 8. d3 Be7 9. Nbd2 O-O 10. Nb3 a5 11. Be3 Bd5 12. Rc1 Nc6 13. Nfd2 Bxg2 14. Kxg2 Nd5 15. Bc5 d6 16. Bd4 Qd7 17. e4 Nf6 18. Be3 d5 19. Bc5 Rfc8 20. Bxe7 Qxe7 21. Qe2 h6 22. Qe3 dxe4 23. dxe4 Ne5 24. h3 Rd8 25. Qc5 Qxc5 26. Rxc5 Nd3 27. Rc2 g5 28. Rb1 Kg7 29. Kf3 Ne5+ 30. Ke2 Nfd7 31. Nc4 Nxc4 32. Rxc4 Nb6 33. Rc5 Nxa4 34. Rxa5 Rxa5 35. Nxa5 Nc5 36. Nc6 Rd6 37. Nxb4 Nxe4 38. Nd3 f5 39. Rc1 Kf6 40. b4 Rd5 41. Rc6 h5 42. h4 gxh4 43. gxh4 Rd4 44. b5 Nd6 45. b6 Ke7 46. Rc7+ Kf6 47. Nc5 Rxh4 48. b7 Nxb7 49. Nd7+ Kg5 50. Rxb7 Re4+ 51. Kf3 Rc4 52. Ne5 Rc3+ 53. Kg2 Kf4 54. Nd7 h4 55. Rb4+ Kg5 56. Ne5 h3+ 57. Kh2 f4 58. Rb5 Kf5 59. Nf3+ Kf6 60. Ng5 Rc2 61. Nxh3 e5 62. Rb8 Kf5 63. Kg2 Rc3 64. Rf8+ Ke4 65. Ng5+ Kd5 66. Rd8+ 1-0

[Event "December 12 Late 2023"]
[Site "https://www.chess.com"]
[Date "2023.12.12"]
[Round "3"]
[White "Bok, Benjamin"]
[Black "Aldokhin, Ivan"]
[Result "0-1"]
[Board "21"]
[TimeControl "180+1"]
[WhiteFideId "1017063"]
[BlackFideId "24115720"]
[WhiteElo "2945"]
[BlackElo "2696"]
[WhiteTeam "NED"]
[BlackTeam "RUS"]
[WhiteClock "0:00:00"]
[BlackClock "0:00:06"]

1. d4 Nf6 2. c4 g6 3. g3 Bg7 4. Bg2 O-O 5. Nc3 d6 6. Nf3 Nbd7 7. O-O e5 8. e4 exd4 9. Nxd4 Re8 10. h3 a6 11. Be3 Rb8 12. b3 Ne5 13. Rc1 c5 14. Nde2 b5 15. cxb5 axb5 16. f4 Ned7 17. Qxd6 b4 18. Na4 Nxe4 19. Qd3 Qe7 20. Qxe4 Qxe4 21. Bxe4 Rxe4 22. Kf2 Ba6 23. Rfe1 Rbe8 24. Ng1 c4 25. Nf3 c3 26. a3 bxa3 27. Nxc3 Rb4 28. Nd5 Rxb3 29. Nc7 Rexe3 30. Rxe3 Rxe3 31. Kxe3 Bb7 32. Rc2 Nb6 33. Nd4 h5 34. Ncb5 Nd5+ 35. Kd2 Nb4 36. Rc7 a2 37. Nb3 Bd5 38. Rc8+ Kh7 39. Ra8 Bxb3 40. Nc3 Nd5 41. Nxa2 Bxa2 42. Rxa2 Nc3 43. Ra7 Ne4+ 44. Ke3 Nxg3 45. Rxf7 Nf5+ 46. Kf3 Kg8 47. Ra7 Kh7 48. Rb7 Kh6 49. Ra7 Nd6 50. Ra6 Nf5 51. Rb6 Nh4+ 52. Ke4 Nf5 53. Ra6 Bf8 54. Ra8 Bg7 55. Ra6 h4 0-1

[Event "December 12 Late 2023"]
[Site "https://www.chess.com"]
[Date "2023.12.12"]
[Round "3"]
[White "Cordova, Emilio"]
[Black "Rosen, Eric"]
[Result "1-0"]
[Board "22"]
[TimeControl "180+1"]
[WhiteFideId "3801497"]
[BlackFideId "2032562"]
[WhiteElo "2920"]
[BlackElo "2693"]
[WhiteTeam "PER"]
[BlackTeam "USA"]
[WhiteClock "0:00:19"]
[BlackClock "0:00:02"]

1. d4 d5 2. Nf3 Nf6 3. c4 e6 4. Nc3 Nbd7 5. e3 a6 6. b3 b6 7. Bb2 Bb7 8. Bd3 Bd6 9. O-O Qe7 10. cxd5 exd5 11. Qc2 O-O 12. Rac1 Rac8 13. Ne2 Rfe8 14. Ng3 g6 15. Qe2 h5 16. Bxa6 Bxa6 17. Qxa6 Ra8 18. Qd3 Rxa2 19. Qb1 Raa8 20. Rc6 Ne4 21. Nxe4 dxe4 22. Nd2 Nf6 23. d5 Bxh2+ 24. Kxh2 Ng4+ 25. Kh3 Qd7 26. Kg3 g5 27. f4 h4+ 28. Kh3 Ne5+ 29. f5 Nxc6 30. Nxe4 Rxe4 31. Qxe4 Qe7 32. Qf3 Ne5 33. f6 Qd7+ 34. Qf5 Re8 35. Bxe5 Qxf5+ 36. Rxf5 Kh7 37. Rxg5 b5 38. Rg7+ Kh8 39. Bf4 Rf8 40. Kxh4 b4 41. Rg5 c6 42. dxc6 Rc8 43. c7 Kh7 44. Kh5 Kh8 45. Rd5 Kh7 46. Rd7 Rf8 47. Rxf7+ Rxf7 48. c8=Q Rf8 49. Qf5+ Kg8 50. Qg6+ Kh8 51. Qg7# 1-0

[Event "December 12 Late 2023"]
[Site "https://www.chess.com"]
[Date "2023.12.12"]
[Round "3"]
[White "Brodowski, Piotr"]
[Black "Sjugirov, Sanan"]
[Result "0-1"]
[Board "23"]
[TimeControl "180+1"]
[WhiteFideId "1124480"]
[BlackFideId "4189302"]
[WhiteElo "2690"]
[BlackElo "2919"]
[WhiteTeam "POL"]
[BlackTeam "HUN"]
[WhiteClock "0:00:00"]
[BlackClock "0:00:11"]

1. g3 c5 2. Bg2 Nc6 3. Nf3 g6 4. d4 cxd4 5. Nxd4 Bg7 6. Nb3 d6 7. O-O h5 8. h4 Nf6 9. c4 Be6 10. c5 d5 11. Nc3 O-O 12. Bg5 a5 13. e3 a4 14. Nd4 Nxd4 15. exd4 Qa5 16. Bxf6 Bxf6 17. Nxd5 Bxd5 18. Bxd5 Rad8 19. Bxb7 Rxd4 20. Qc2 Rd2 21. Qc4 Rxb2 22. Rab1 a3 23. Rfd1 e6 24. Be4 Kg7 25. c6 Be5 26. Kg2 Qb6 27. Rxb2 axb2 28. a4 Ra8 29. Bb1 Ra5 30. Rd7 Rc5 31. Qxe6 Qxc6+ 32. Qxc6 Rxc6 33. Rb7 Rc1 34. Ba2 Ra1 0-1

[Event "December 12 Late 2023"]
[Site "https://www.chess.com"]
[Date "2023.12.12"]
[Round "3"]
[White "Chigaev, Maksim"]
[Black "Nasuta, Grzegorz"]
[Result "0-1"]
[Board "24"]
[TimeControl "180+1"]
[WhiteFideId "4108116"]
[BlackFideId "1141686"]
[WhiteElo "2914"]
[BlackElo "2683"]
[WhiteTeam "ESP"]
[BlackTeam "POL"]
[WhiteClock "0:00:24"]
[BlackClock "0:00:14"]

1. d4 d5 2. Nf3 Nf6 3. Bg5 c6 4. Bxf6 exf6 5. e3 Bd6 6. g3 f5 7. Nbd2 Nd7 8. c4 Nf6 9. Bg2 g6 10. O-O h5 11. h4 O-O 12. Ne5 Re8 13. Ndf3 Ng4 14. cxd5 cxd5 15. Qb3 Nxe5 16. Nxe5 Bxe5 17. dxe5 Rxe5 18. Rfd1 Be6 19. Qxb7 a5 20. Qb3 Re4 21. Bxe4 fxe4 22. Rac1 Qf6 23. Rd4 Qf5 24. Rcd1 Qf3 25. Kf1 Bg4 0-1

[Event "December 12 Late 2023"]
[Site "https://www.chess.com"]
[Date "2023.12.12"]
[Round "3"]
[White "Krallis, Christos"]
[Black "Rasulov, Vugar"]
[Result "0-1"]
[Board "25"]
[TimeControl "180+1"]
[WhiteFideId "4298896"]
[BlackFideId "13402390"]
[WhiteElo "2674"]
[BlackElo "2904"]
[WhiteTeam "GRE"]
[BlackTeam "AZE"]
[WhiteClock "0:00:06"]
[BlackClock "0:01:06"]

1. Nf3 Nf6 2. b3 b6 3. Bb2 Bb7 4. g3 g6 5. Bg2 Bg7 6. O-O O-O 7. c4 c5 8. d4 cxd4 9. Nxd4 Bxg2 10. Kxg2 d5 11. Nb5 a6 12. N5a3 Nc6 13. cxd5 Qxd5+ 14. Qxd5 Nxd5 15. Bxg7 Kxg7 16. Nd2 Rfd8 17. Nf3 b5 18. Nc2 Rac8 19. a4 b4 20. e3 e5 21. Rfd1 Na5 22. e4 Rxc2 23. exd5 f6 24. d6 Rc6 25. d7 Rc7 26. Rd6 Nxb3 27. Rb1 Nc5 28. Rxb4 Rdxd7 29. Rdb6 Nd3 30. Rb1 Rc2 31. Rf1 e4 32. Ne1 Nxe1+ 33. Rxe1 Rdd2 34. Rf1 e3 35. Re6 Rxf2+ 36. Rxf2 Rxf2+ 37. Kg1 Ra2 38. Rxe3 Rxa4 39. Re7+ Kh6 40. Rf7 f5 41. h4 Ra2 42. Ra7 a5 43. Kh1 a4 44. Kg1 a3 45. Kf1 Kh5 46. Rxh7+ Kg4 47. Rg7 Kf3 48. Ke1 Rb2 49. Ra7 a2 50. Ra3+ Kg4 51. Ra4+ Kxg3 52. Ra3+ Kxh4 53. Ra4+ Kg5 0-1

[Event "December 12 Late 2023"]
[Site "https://www.chess.com"]
[Date "2023.12.12"]
[Round "3"]
[White "Piesik, Piotr"]
[Black "Ashraf, Artin"]
[Result "0-1"]
[Board "26"]
[TimeControl "180+1"]
[WhiteFideId "1136194"]
[BlackFideId "22514805"]
[WhiteElo "2674"]
[BlackElo "2903"]
[WhiteTeam "CZE"]
[BlackTeam "IRI"]
[WhiteClock "0:00:15"]
[BlackClock "0:00:27"]

1. Nf3 Nf6 2. g3 e6 3. Bg2 d5 4. O-O Be7 5. d3 O-O 6. Nbd2 c5 7. e4 Nc6 8. Re1 Qc7 9. c3 b5 10. e5 Nd7 11. Qe2 b4 12. c4 Nb6 13. b3 a5 14. Bb2 a4 15. h4 Bb7 16. h5 Rfd8 17. h6 g6 18. Nf1 a3 19. Bc1 dxc4 20. dxc4 Nd4 21. Nxd4 Bxg2 22. Kxg2 Rxd4 23. Nh2 Rad8 24. Be3 Rd3 25. Ng4 Qc6+ 26. Qf3 Qxf3+ 27. Kxf3 Nd7 28. Ke2 Nb8 29. Rad1 Rxd1 30. Rxd1 Rxd1 31. Kxd1 Nc6 32. Kc2 g5 33. f4 gxf4 34. gxf4 Nb8 35. Kd3 Nd7 36. Nf2 Bf8 37. Ng4 Nb8 38. Ke4 Nc6 39. f5 Na5 40. Bc1 Nc6 41. Nf6+ Kh8 42. Nd7 exf5+ 43. Kxf5 Nd4+ 44. Kf6 Kg8 45. Nb6 Ne2 46. Be3 Nc3 47. Nd7 Nxa2 48. Nxf8 Nc3 49. e6 fxe6 50. Kxe6 a2 51. Nd7 a1=Q 52. Nf6+ Kh8 53. Bxc5 Qa6+ 54. Kf7 Qxf6+ 0-1

[Event "December 12 Late 2023"]
[Site "https://www.chess.com"]
[Date "2023.12.12"]
[Round "3"]
[White "Melkumyan, Hrant"]
[Black "Goryachkina, Aleksandra"]
[Result "1-0"]
[Board "27"]
[TimeControl "180+1"]
[WhiteFideId "13302485"]
[BlackFideId "4147103"]
[WhiteElo "2900"]
[BlackElo "2667"]
[WhiteTeam "ARM"]
[BlackTeam "FID"]
[WhiteClock "0:01:03"]
[BlackClock "0:00:00"]

1. Nf3 Nf6 2. c4 c5 3. e3 Nc6 4. d4 cxd4 5. exd4 d5 6. h3 dxc4 7. Bxc4 e6 8. Nc3 Bd6 9. O-O O-O 10. Qe2 a6 11. Rd1 b5 12. d5 exd5 13. Bxd5 Nxd5 14. Nxd5 Be6 15. Bg5 Qb8 16. Rac1 Qb7 17. Qe4 Rfe8 18. Rxc6 Bxh3 19. Qc2 Bf5 20. Qxf5 Qxc6 21. Bf6 Bf8 22. Ng5 g6 23. Qf3 Qc2 24. Bc3 f5 25. Nf6+ 1-0